Map: Ultralove

Players

iPlayDefense

  • Race: Terran Terran
  • Spawn Location: 7:00

VOD

Have the link to the VOD?

Description

Time

  • Played on: April 11, 2025, 2:50 p.m.
  • Length: 10:36
Show
View Real Time Build Order
Export as new Build Order

iPlayDefense Terran 

Build Orders:  

Get SALT Encoding   

  12  0:02  SCV  
  13  0:19  SCV  
  14  0:33  Supply Depot  
  14  0:40  Refinery  
  14  0:46  SCV  
  15  1:03  SCV  
  15  1:07  Barracks  
  16  1:21  SCV  
  17  1:41  Supply Depot  
  17  2:18  Orbital Command  
  17  2:20  Barracks Reactor  
  17  2:39  Command Center  
  17  2:57  Barracks  
  17  3:11  Marine  
  17  3:12  Marine  
  19  3:36  Marine x2  
  21  4:05  Barracks Tech Lab  
  21  4:07  Barracks  
  21  4:10  Marine x2  
  23  4:21  SCV  
  23  4:22  SCV  
  25  4:35  Marine x2  
  25  4:38  SCV  
  25  4:39  SCV, Engineering Bay  
  29  4:44  Unknown  
  29  4:55  SCV  
  29  4:56  SCV  
  31  5:15  SCV x2  
  33  5:21  Terran Infantry Weapons Level 1  
  33  5:24  Barracks Tech Lab  
  33  5:32  SCV x2  
  33  5:35  Supply Depot  
  35  5:46  Factory  
  35  5:48  SCV  
  35  5:49  SCV, Stimpack  
  37  6:05  SCV  
  38  6:12  Refinery  
  38  6:29  SCV x2  
  40  6:46  SCV  
  41  6:55  Refinery  
  41  6:56  Barracks  
  41  7:00  Factory Tech Lab  
  41  7:06  Orbital Command  
  41  7:11  SCV  
  42  7:23  Marine  
  42  7:24  Marine x3  
  42  7:28  SCV, Refinery  
  47  7:43  SCV  
  47  7:45  SCV  
  47  7:48  Marine  
  47  7:49  Marine x3  
  53  8:00  SCV  
  53  8:03  Barracks  
  54  8:37  Barracks Reactor  
  54  8:41  Supply Depot  
  54  9:11  SCV x2, Marine x4  
  54  9:13  Supply Depot  
  60  9:28  SCV  
  60  9:29  SCV  
  62  9:36  Barracks Reactor  
  62  9:43  Marine x4  
  62  9:44  Supply Depot  
  62  9:45  SCV  
  62  9:46  SCV  
  68  10:01  SCV  
  68  10:03  SCV  
  70  10:16  Supply Depot  
  76  10:22  Armory  
Tags
 
Matchup
Co-op
Replay Pack
DaveSC2
Add a new tag
Caveats
  • Supply blocks, unpowered buildings, or Contaminate may cause inaccurate times.
  • Supply counts are checked every 10 seconds.